 Dungeon Crawl Stone Soup version 0.23-a0-494-g91793a9 (webtiles) character file.

8971 zishaf the Slicer (level 11, -3/72 HPs)
             Began as a Kobold Assassin on Dec 3, 2018.
             Was a Follower of Uskayaw.
             Slain by a spiny frog (13 damage)
             ... on level 9 of the Dungeon.
             The game lasted 00:32:27 (11221 turns).

zishaf the Slicer (Kobold Assassin)                Turns: 11221, Time: 00:32:28

Health: -3/72      AC: 15    Str: 11    XL:     11   Next: 65%
Magic:  16/16      EV:  9    Int: 12    God:    Uskayaw [*.....]
Gold:   362        SH:  0    Dex: 18    Spells: 10/10 levels left

rFire    . . .     SeeInvis +   a - +6 dagger
rCold    + . .     Gourm    .   (shield restricted)
rNeg     . . .     Faith    .   y - +3 chain mail {rPois}
rPois    +         Spirit   .   (no helmet)
rElec    .         Reflect  .   i - +2 cloak
rCorr    .         Harm     .   (no gloves)
MR       .....                  (no boots)
Stlth    +.........             (no amulet)
HPRegen  0.22/turn              o - ring of see invisible
MPRegen  0.15/turn              l - ring of protection from cold

@: no status effects
A: small, carnivore
a: Stomp, Renounce Religion


You were on level 9 of the Dungeon.
You worshipped Uskayaw.
Uskayaw was noncommittal.
You were completely stuffed.

You visited 3 branches of the dungeon, and saw 13 of its levels.

You collected 428 gold pieces.
You spent 66 gold pieces at shops.

Inventory:

Hand Weapons
 a - a +6 dagger (weapon)
 b - the +7 shortbow of Teamaly {venom, rC+ MR+}
   (You found it on level 4 of the Dungeon)

   It poisons the ammo it fires.
   It protects you from cold.
   It affects your resistance to hostile enchantments.
 s - a +0 blowgun
Missiles
 e - 52 poisoned needles
 f - 3 curare-tipped needles
 t - 5 needles of sleeping
 w - 29 arrows
Armour
 d - quicksilver dragon scales
 i - a +2 cloak (worn)
 y - a +3 chain mail of poison resistance (worn)
Jewellery
 l - a ring of protection from cold (right hand)
 o - a ring of see invisible (left hand)
 q - a +2 ring of dexterity
 A - an uncursed ring of flight
Wands
 n - a wand of iceblast (9)
 x - a wand of disintegration (25)
 B - a wand of random effects (23)
Scrolls
 c - 2 scrolls of amnesia
 h - a scroll of fog
 k - 3 scrolls of teleportation
 m - a scroll of enchant armour
 u - 5 scrolls of immolation
 E - 2 scrolls of magic mapping
 I - a scroll of enchant weapon
 J - 2 scrolls of fear
Potions
 j - a potion of ambrosia
 p - a potion of curing
 r - a potion of cancellation
 v - 4 potions of heal wounds
 C - a potion of invisibility
 F - a potion of brilliance
 G - a potion of resistance {unknown}
Comestibles
 g - 19 rations
 z - 6 chunks of flesh


   Skills:
 + Level 9.8 Fighting
 - Level 11.0 Short Blades
 - Level 5.2 Bows
 - Level 2.1 Throwing
 * Level 2.5 Armour
 - Level 6.0 Dodging
 - Level 9.0 Stealth
 + Level 7.8 Invocations
 - Level 5.0 Evocations


You had 10 spell levels left.
You didn't know any spells.
Your spell library contained the following spells:

 Spells                   Type           Power        Failure   Level  Hunger
 Apportation              Tloc           #.....       100%        1    ##.....
 Freeze                   Ice            #...         100%        1    ##.....
 Sting                    Conj/Pois      #...         100%        1    ##.....
 Summon Butterflies       Summ           #.......     100%        1    ##.....
 Poisonous Vapours        Pois/Air       #.....       100%        2    ###....
 Throw Frost              Conj/Ice       #.....       100%        2    ###....
 Lesser Beckoning         Tloc           #.........   100%        3    ####...
 Mephitic Cloud           Conj/Pois/Air  #.......     100%        3    ####...
 Ozocubu's Armour         Chrm/Ice       #.......     100%        3    ####...
 Tukima's Dance           Hex            #.......     100%        3    ####...
 Olgreb's Toxic Radiance  Pois           #.......     100%        4    #####..
 Summon Ice Beast         Ice/Summ       #.......     100%        4    #####..
 Throw Icicle             Conj/Ice       #.......     100%        4    #####..
 Alistair's Intoxication  Tmut/Pois      #.......     100%        5    ######.
 Venom Bolt               Conj/Pois      #.........   100%        5    ######.
 Invisibility             Hex            #.......     100%        6    #######


Dungeon Overview and Level Annotations

Branches:
Dungeon (11/15)            Temple (1/1) D:6            Lair (1/6) D:9
    Orc: D:9-12

Altars:
Ashenzari
Cheibriados
Dithmenos
Elyvilon
Fedhas
Gozag
Hepliaklqana
Kikubaaqudgha
Makhleb
Nemelex Xobeh
Okawaru
Qazlal
Ru
Sif Muna
Trog
Uskayaw
Vehumet
Wu Jian
Xom
Yredelemnul
Zin
The Shining One
Beogh

Shops:
D:7 !   D:8 =?=*   D:9 :

Annotations:
D:5 2 transporters, DankestMemes's ghost, amateur MiFi


Innate Abilities, Weirdness & Mutations

You are small and have problems with some larger weapons.
You are carnivorous and can eat meat at any time.


Message History

The komodo dragon is heavily wounded.
The komodo dragon bites you but does no damage.
You barely miss the komodo dragon.
The komodo dragon is heavily wounded.
A hippogriff comes into view.
The spiny frog barely misses you.
The hippogriff screeches!
You hit the komodo dragon but do no damage.
The komodo dragon is heavily wounded.
The komodo dragon bites you!! The spiny frog stings you! x2
* * * LOW HITPOINT WARNING * * *
The komodo dragon bites you but does no damage.
You climb upwards.
Welcome back to the Dungeon!
There is a staircase to the Lair here.
The spiny frog stings you but does no damage.
The spiny frog stings you.
* * * LOW HITPOINT WARNING * * *
The spiny frog stings you!
You die...

.#...###.........###...####....##
.##..##..........##.....##......#
....##...........#.......#.##....
....##.......#####.......#.......
.....#.......###.........[......#
..........................#....##
.#...................>........##
.#...........##.#l..........##.#
.##..).[.....##.@F.....P......###
##..........###..#..P....#.#...#.
.#∩......##.# ##.#.......###..##.
.#.......#..####.##.....##.......
.##.......#..##..###(..###...>...
..........#..##..............##..
......##....###..###[............
............##..####..........##.
.....#.###..##..#.........######.


You could see a komodo dragon and a spiny frog.

Vanquished Creatures
  Erolcha (D:9)
  Harold (D:7)
  A queen bee (D:10)
  4 hippogriffs
  A wyvern (D:8)
  Grum (D:11)
  3 wargs
  A soldier ant (D:9)
  10 orc warriors
  3 ice beasts
  2 sky beasts
  2 phantoms
  2 black bears
  4 ogres
  A necrophage (D:8)
  2 centaurs
  4 wolves (D:11)
  4 bullfrogs
  4 scorpions
  5 wights (D:8)
  18 killer bees
  2 howler monkeys
  3 crimson imps
  3 bullfrog zombies
  2 quasits (D:7)
  A centaur skeleton (D:9)
  2 jellies
  A gnoll shaman (D:6)
  7 orc priests
  7 hounds
  6 orc wizards
  Terence (D:2)
  2 bullfrog skeletons
  An iguana (D:6)
  Natasha (thrice) (D:4)
  6 worker ants
  A hound zombie (D:9)
  A hound skeleton (D:9)
  A worker ant zombie (D:9)
  8 gnolls
  9 adders
  3 shadow imps
  2 adder skeletons
  An adder zombie (D:8)
  3 worms
  A dart slug (D:1)
  2 leopard geckos
  50 orcs
  A ball python (D:6)
  3 bats
  3 giant cockroaches
  7 goblins
  5 hobgoblins
  6 jackals
  2 kobolds
  2 quokkas
  4 frilled lizards
  A leopard gecko skeleton (D:6)
  11 rats
248 creatures vanquished.

Notes
Turn   | Place    | Note
-------+----------+-------------------------------------------
     0 | D:1      | zishaf the Kobold Assassin began the quest for the Orb.
     0 | D:1      | Reached XP level 1. HP: 12/12 MP: 1/1
   213 | D:1      | Reached skill level 3 in Short Blades
   227 | D:1      | Reached XP level 2. HP: 17/18 MP: 2/2
   824 | D:2      | Noticed Terence
   831 | D:2      | Killed Terence
   831 | D:2      | Reached XP level 3. HP: 22/22 MP: 3/3
   845 | D:2      | Reached XP level 4. HP: 24/27 MP: 4/4
   855 | D:2      | Reached skill level 4 in Short Blades
  1113 | D:2      | Found a burning altar of Makhleb.
  1681 | D:3      | Reached XP level 5. HP: 30/32 MP: 5/5
  2344 | D:4      | Reached skill level 5 in Short Blades
  2507 | D:4      | Reached XP level 6. HP: 37/37 MP: 6/6
  2661 | D:4      | Found a glowing golden altar of the Shining One.
  2676 | D:4      | Found a white marble altar of Elyvilon.
  2677 | D:4      | Found a bloodstained altar of Trog.
  2678 | D:4      | Found a sparkling altar of Nemelex Xobeh.
  2678 | D:4      | Found an iron altar of Okawaru.
  2694 | D:4      | Found a blossoming altar of Fedhas.
  3146 | D:4      | Reached skill level 6 in Short Blades
  3166 | D:4      | Got a transparent shortbow
  3182 | D:4      | Identified the +7 shortbow of Teamaly {venom, rC+ MR+} (You
                  | found it on level 4 of the Dungeon)
  3442 | D:4      | Reached XP level 7. HP: 42/42 MP: 7/7
  3503 | D:4      | Noticed Natasha
  3514 | D:4      | Killed Natasha
  3598 | D:5      | Entered Level 5 of the Dungeon
  3616 | D:4      | Noticed Natasha
  3624 | D:4      | Killed Natasha
  3625 | D:4      | Found a glowing golden altar of the Shining One.
  3768 | D:4      | Noticed Natasha
  3778 | D:4      | Killed Natasha
  4234 | D:5      | Reached skill level 7 in Short Blades
  4253 | D:5      | Found an opulent altar of Gozag.
  4422 | D:5      | Reached XP level 8. HP: 48/48 MP: 8/8
  4659 | D:5      | Found a transporter.
  4663 | D:5      | Found a transporter.
  4663 | D:5      | Noticed DankestMemes's ghost (amateur MiFi)
  4922 | D:6      | Reached skill level 8 in Short Blades
  4994 | D:6      | Reached skill level 5 in Fighting
  4994 | D:6      | Reached skill level 5 in Dodging
  5005 | D:6      | Reached skill level 1 in Bows
  5129 | D:6      | Reached XP level 9. HP: 38/54 MP: 9/9
  5174 | D:6      | Reached skill level 9 in Short Blades
  5181 | D:6      | Found a staircase to the Ecumenical Temple.
  5202 | Temple   | Entered the Ecumenical Temple
  5272 | Temple   | Became a worshipper of Uskayaw the Reveler
  5640 | D:6      | Reached * piety under Uskayaw
  5700 | D:6      | Reached ** piety under Uskayaw
  5708 | D:6      | Reached *** piety under Uskayaw
  5778 | D:7      | Found Hyoronko's Distillery.
  5783 | D:7      | Reached skill level 1 in Evocations
  6020 | D:7      | Reached skill level 1 in Invocations
  6875 | D:7      | Noticed Harold
  6954 | D:7      | Killed Harold
  7179 | D:8      | Reached XP level 10. HP: 61/61 MP: 12/12
  7330 | D:8      | Found Oroa's Jewellery Emporium.
  7493 | D:8      | Found Aquoshroff's Assorted Antiques.
  7535 | D:8      | Found Hatritt's Magic Scroll Boutique.
  7538 | D:8      | Bought 3 scrolls of identify for 66 gold pieces
  7589 | D:8      | Found an ornate altar of the Wu Jian Council.
  7642 | D:8      | Reached skill level 5 in Evocations
  7654 | D:8      | Found Kamaguy's Jewellery Emporium.
  7868 | D:9      | Found a staircase to the Lair.
  8147 | D:8      | Reached skill level 5 in Bows
  8147 | D:8      | Reached skill level 5 in Invocations
  8466 | D:9      | Reached **** piety under Uskayaw
  8690 | D:9      | Found Giub's Book Boutique.
  8846 | D:9      | Noticed Erolcha
  8869 | D:9      | Killed Erolcha
  8869 | D:9      | Reached skill level 10 in Short Blades
  8869 | D:9      | Reached XP level 11. HP: 68/69 MP: 15/15
  8983 | D:9      | Found a deep blue altar of Sif Muna.
  9025 | D:9      | Found a hazy altar of Hepliaklqana.
  9276 | D:9      | Identified Sif Muna's Catalogue of Creation
  9340 | D:10     | Entered Level 10 of the Dungeon
 10384 | D:11     | Found a roughly hewn altar of Beogh.
 10403 | D:11     | Reached skill level 11 in Short Blades
 10406 | D:11     | Reached skill level 1 in Armour
 10412 | D:11     | Reached ***** piety under Uskayaw
 10443 | D:11     | Reached ****** piety under Uskayaw
 10651 | D:11     | Found a sparkling altar of Nemelex Xobeh.
 10745 | D:11     | Noticed Grum
 10760 | D:11     | Killed Grum
 11202 | Lair:1   | Entered Level 1 of the Lair of Beasts
 11221 | D:9      | Slain by a spiny frog

Vault maps used:
D:1:      minmay_arrival_four_circles
D:2:      overflow_temple_1_default, uniq_terence
D:3:      first_ration
D:4:      tso_oasis_becter, lemuel_round_altar,
          chequers_temple_overflow_statue_of_worship, uniq_natasha
D:5:      grunt_gozag_statues, gammafunk_ghost_hive
D:6:      minmay_temple_entry_mist
D:7:      serial_shops, nicolae_shop_statue_plus, uniq_harold
D:8:      overflow_temple_1_default, serial_shops, shop_fountains,
          nicolae_shop_behind_doors, shop, kennysheep_mini_moat
D:9:      led_sif_book, kennysheep_little_box, erik_lair_orcish_takeover,
          serial_shops, shop, uniq_erolcha
D:10:     david_nohive_1, hex_tiny
D:11:     special_room, nemelex_xobeh_ov_fountains_minmay, uniq_grum
Temple:   grunt_temple_mini_profane
Lair:1:   ebering_ghost_rock_garden

Skill      XL: |  1  2  3  4  5  6  7  8  9 10 11 |
---------------+----------------------------------+-----
Short Blades   | 3 4 5 6 7 8 9 10 11 | 11.0
Dodging        | 2 3 4 5 6 |  6.0
Fighting       | 3 4 5 6 8 9 |  9.8
Stealth        | 6 7 8 9 |  9.0
Bows           | 1 3 5 |  5.2
Evocations     | 3 5 |  5.0
Invocations    | 3 6 7 |  7.8
Armour         | 2 |  2.5
Throwing       | |  2.1

Action                   |  1- 3 |  4- 6 |  7- 9 | 10-12 || total
-------------------------+-------+-------+-------+-------++-------
Melee: Dagger            |    61 |   156 |       |   248 ||   465
       Rapier            |       |     6 |   144 |    92 ||   242
 Fire: Blowgun           |       |    32 |     7 |     2 ||    41
       Shortbow          |       |     4 |    92 |   183 ||   279
Invok: Stomp             |       |       |       |     1 ||     1
 Abil: Evoke Flight      |       |       |       |     1 ||     1
  Use: Scroll            |       |     8 |     3 |     9 ||    20
       Potion            |       |     1 |       |     2 ||     3
 Stab: Sleeping          |     8 |     8 |     8 |     7 ||    31
       Paralysed         |       |       |     1 |     8 ||     9
       Distracted        |       |       |       |     1 ||     1
  Eat: Chunk             |     8 |     8 |    12 |    13 ||    41
Armor: Robe              |     8 |    15 |    10 |       ||    33
       Quicksilver drago |       |       |    20 |   101 ||   121
       Chain mail        |       |       |       |     4 ||     4
Dodge: Dodged            |    32 |    91 |   113 |   332 ||   568

Table legend:
 A = Non-vault XP
 B = Vault XP
 C = Vault XP percentage of total XP
 D = Non-vault monster count
 E = Vault monster count
 F = Vault count percentage of total count
                 A         B        C        D         E       F
            +---------+---------+-------+---------+---------+-------
      Total |    7033 |    5784 |  45.1 |     190 |      58 |  23.4
            +---------+---------+-------+---------+---------+-------
        D:1 |      26 |       0 |   0.0 |      15 |       0 |   0.0
        D:2 |      68 |      38 |  35.8 |      20 |       1 |   4.8
        D:3 |      52 |       0 |   0.0 |      12 |       0 |   0.0
        D:4 |     428 |      33 |   7.2 |      19 |       1 |   5.0
        D:5 |     583 |       0 |   0.0 |      19 |       0 |   0.0
        D:6 |    1003 |       0 |   0.0 |      19 |       0 |   0.0
        D:7 |     613 |     987 |  61.7 |      21 |       1 |   4.5
        D:8 |    1564 |     352 |  18.4 |      23 |       2 |   8.0
        D:9 |    1404 |    1427 |  50.4 |      24 |       9 |  27.3
       D:10 |     474 |    1124 |  70.3 |       4 |      14 |  77.8
       D:11 |     818 |    1823 |  69.0 |      14 |      30 |  68.2
            +---------+---------+-------+---------+---------+-------
